 Dungeon Crawl Stone Soup version 0.29-a0-243-g602b31c20e (webtiles) character file.

Game seed: 16991914884044518671

23083 mathmaestro the Grappler (level 12, -1/126 HPs)
             Began as a Troll Monk on Mar 4, 2022.
             Slain by a vault guard
             ... wielding a +0 battleaxe
              (19 damage)
             ... on level 13 of the Dungeon.
             The game lasted 00:29:47 (12709 turns).

mathmaestro the Grappler (Troll Monk)              Turns: 12709, Time: 00:29:48

Health: -1/126     AC:  6    Str: 26    XL:     12   Next: 68%
Magic:  11/11      EV:  9    Int:  6    God:
Gold:   1039       SH:  8    Dex: 12    Spells: 11/11 levels left

rFire   + . .      SeeInvis .     - Unarmed
rCold   + + +      Faith    .   N - +1 kite shield {rC+}
rNeg    . . .      Spirit   .   c - +0 robe of the Storm King {rPois rCorr}
rPois   +          Reflect  .   J - +2 hat {Stlth+}
rElec   .          Harm     .   M - scarf {rC+ rF+}
rCorr   +          Rampage  .   (gloves unavailable)
Will    .....                   (boots unavailable)
Stlth   +++.......              C - amulet "Ajik" {Acrobat rC+}
HPRegen 1.11/turn               r - ring of wizardry
MPRegen 0.12/turn               u - +4 ring of slaying

@: studying Ice Magic
A: large, unfitting armour, claws 3, regeneration 1, shaggy fur 1, tough skin 1
a: no special abilities


You were on level 13 of the Dungeon.
You visited 2 branches of the dungeon, and saw 14 of its levels.
You also visited: Sewer and Ice Cave.

You collected 1164 gold pieces.
You spent 125 gold pieces at shops.

Inventory:

Hand Weapons
 v - the +6 flail "Setioqah" {protect, rPois Int+6 SInv}
   (You found it on level 7 of the Dungeon)

   It grants its wielder temporary protection when it strikes (+7 to AC).
   Int:       It affects your intelligence (+6).
   rPois:     It protects you from poison.
   SInv:      It lets you see invisible.
 G - a +4 vorpal scimitar
Missiles
 b - 7 boomerangs (quivered)
 d - 271 stones
 q - 52 poisoned darts
 Q - 3 large rocks
 R - 4 javelins
Armour
 c - the +0 robe of the Storm King (worn) {rPois rCorr}
   (You bought it in a shop on level 4 of the Dungeon)

   rPois:     It protects you from poison.
   rCorr:     It protects you from acid and corrosion.
 J - a +2 hat of stealth (worn)
 M - a scarf of resistance (worn)
 N - a +1 kite shield of cold resistance (worn)
Jewellery
 i - an amulet of reflection
 r - a ring of wizardry (left claw)
 u - a +4 ring of slaying (right claw)
 C - the amulet "Ajik" (around neck) {Acrobat rC+}
   (You found it on level 6 of the Dungeon)

   [amulet of the acrobat]

   It increases your evasion while moving and waiting.
   rC:        It protects you from cold.
 E - an amulet of regeneration
Wands
 t - a wand of paralysis (9)
 w - a wand of polymorph (9)
 y - a wand of mindburst (14)
 F - a wand of digging (5)
 K - a wand of iceblast (12)
 S - a wand of acid (1)
Scrolls
 f - a scroll of silence
 j - a scroll of magic mapping
 k - 4 scrolls of teleportation
 l - 2 scrolls of enchant armour
 n - 4 scrolls of fear
 L - a scroll of enchant weapon
 P - a scroll of fog
Potions
 a - 2 potions of magic
 e - 3 potions of heal wounds
 g - 3 potions of cancellation
 h - 2 potions of lignification
 m - a potion of haste
 o - 3 potions of resistance
 s - 2 potions of might
 x - 3 potions of curing
 z - a potion of invisibility
 A - 3 potions of mutation
 B - 4 potions of ambrosia
 D - 2 potions of flight
 H - 2 potions of brilliance {unknown}
 I - 3 potions of degeneration {unknown}
 O - a potion of berserk rage {unknown}


   Skills:
 + Level 10.1 Fighting
 + Level 8.6 Throwing
 + Level 2.5 Armour
 - Level 3.0 Dodging
 - Level 1.0 Stealth
 + Level 2.5 Shields
 + Level 11.9 Unarmed Combat
 + Level 7.2 Evocations


You had 11 spell levels left.
You didn't know any spells.
Your spell library contained the following spells:

 Spells                   Type           Power      Damage    Failure   Level
 Animate Skeleton         Necr           0%         N/A       43%         1
 Apportation              Tloc           0%         N/A       43%         1
 Sting                    Tmut/Pois      0%         1d3       43%         1
 Summon Small Mammal      Summ           0%         N/A       43%         1
 Poisonous Vapours        Pois/Air       0%         N/A       56%         2
 Conjure Flame            Conj/Fire      0%         6-21      78%         3
 Gell's Gravitas          Tloc           0%         N/A       78%         3
 Ignite Poison            Fire/Tmut/Pois 0%         N/A       78%         3
 Lesser Beckoning         Tloc           0%         N/A       78%         3
 Teleport Other           Tloc           0%         N/A       78%         3
 Tukima's Dance           Hex            0%         N/A       78%         3
 Olgreb's Toxic Radiance  Pois           0%         N/A       99%         4
 Passage of Golubria      Tloc           0%         N/A       99%         4
 Sticky Flame             Conj/Fire      0%         2d3       99%         4
 Blade Hands              Tmut           0%         N/A       100%        5
 Irradiate                Conj/Tmut      0%         3d14      100%        5
 Silence                  Hex/Air        0%         N/A       100%        5
 Yara's Violent Unravell  Hex/Tmut       0%         3d3       100%        5
 Dragon Form              Tmut           0%         N/A       100%        7
 Lehudib's Crystal Spear  Conj/Erth      0%         10d2      100%        8


Dungeon Overview and Level Annotations

Branches:
Dungeon (13/15)            Temple (1/1) D:6            Lair (0/6) D:10
    Orc (0/2) D:9           Sewer (visited)           IceCv (visited)
 Vaults: D:13-14

Altars:
Ashenzari
Cheibriados
Dithmenos
Elyvilon
Fedhas
Gozag
Hepliaklqana
Kikubaaqudgha
Makhleb
Nemelex Xobeh
Okawaru
Qazlal
Ru
Sif Muna
Trog
Uskayaw
Vehumet
Wu Jian
Xom
Yredelemnul
Zin
The Shining One

Shops:
D:4 [   D:8 *   D:13 :


Innate Abilities, Weirdness & Mutations

You are too large for most types of armour.
You have claws for hands.
Your natural rate of healing is unusually fast.
You are covered in fur. (AC +1)
You have tough skin. (AC +1)


Message History

A vault guard comes into view. It is wielding a +0 battleaxe.
The cyan ugly thing bites you but does no damage.
You claw the cyan ugly thing!
You kill the cyan ugly thing!
An ettin comes into view. It is wielding two +0 dire flails.
The vault guard barely misses you.
You mangle the vault guard!!
The vault guard is moderately wounded.
The vault guard completely misses you.
You barely miss the vault guard.
The vault guard is moderately wounded.
The vault guard hits you with a +0 battleaxe!
You mangle the vault guard!!
The vault guard is severely wounded.
You mangle the vault guard!!
The vault guard is almost dead.
You block the vault guard's attack. You block the ettin's attack.
The ettin hits you with a +0 dire flail!!
A white ugly thing comes into view.
You scratch the vault guard.
The vault guard is almost dead.
You block the vault guard's attack.
The ettin hits you with a +0 dire flail!!!
The ettin closely misses you.
You are too injured to fight recklessly!
You are too injured to fight recklessly!
There are monsters nearby!
Unknown command.
You scratch the vault guard.
The vault guard is almost dead.
The vault guard hits you with a +0 battleaxe!
* * * LOW HITPOINT WARNING * * *
You scratch the vault guard but do no damage.
The vault guard is almost dead.
The vault guard hits you with a +0 battleaxe!
* * * LOW HITPOINT WARNING * * *
You closely miss the vault guard.
The vault guard is almost dead.
The vault guard hits you with a +0 battleaxe!!
You die...

#..##########..# #..#...
#..#### #..#..# #.....# ###
#####..#.u# #.....#
..#####...'..#..# #.....#
........###..#.u#######.....#
..#######
#..#..C...........##### ..#
#..#####u..##.........# ..#
#.....@pC.........###.# ###
###'########......# #.. #..#
#......# ### ## #.##
###....## .# ##'####
#######...#### .## #.....#
#............. ..# #.....#
#.#####.#####. ..#### #.....#
#.#⌠≈≈#'#≈≈⌠#. .....####
#.....####.#≈≈≈≈≈≈≈≈≈#.


You could see a vault guard, a white ugly thing and an ettin.

Vanquished Creatures
  Gastronok (D:10)
  A reaper (IceCv)
  Erolcha (D:11)
  3 two-headed ogres
  A centaur warrior (D:13)
  Pikel (D:3)
  3 ugly things
  A manticore (D:13)
  A cyclops (D:13)
  An ice statue (IceCv)
  An unseen horror (D:12)
  A freezing wraith (IceCv)
  2 ice devils (IceCv)
  2 anaconda simulacra (IceCv)
  A hornet (D:8)
  5 trolls
  3 slime creatures
  Sigmund (D:5)
  26 yaks
  2 shadows
  3 wraiths
  A spriggan (shapeshifter) (D:13)
  A dire elephant simulacrum (IceCv)
  Eustachio (D:4)
  A vampire (D:10)
  2 steam dragons (D:9)
  The ghost of DrKleor the Skirmisher, an amateur DsFi (D:1)
  A wyvern (D:7)
  2 vampire mosquitoes (D:10)
  A death yak simulacrum (IceCv)
  A harpy simulacrum (IceCv)
  2 acid dragons
  8 orc warriors
  3 water moccasins
  An ice beast (D:5)
  A sky beast (D:7)
  A black bear (D:3)
  6 centaurs
  2 ogres
  A lemure (D:3)
  A phantom (D:4)
  3 kobold brigands
  Blork the orc (D:5)
  5 two-headed ogre simulacra (IceCv)
  A necrophage (D:4)
  2 scorpions
  A gnoll sergeant (D:11)
  13 wights
  An elephant simulacrum (IceCv)
  3 killer bees (D:9)
  A howler monkey (D:12)
  3 hounds (D:5)
  A gnoll shaman (D:7)
  9 orc priests
  2 iguanas (D:4)
  2 jellies (D:7)
  6 orc wizards
  10 troll simulacra (IceCv)
  5 spriggan simulacra (IceCv)
  2 wolf simulacra (IceCv)
  13 gnolls
  13 adders
  3 naga simulacra (IceCv)
  3 river rats (Sewer)
  2 shadow imps
  22 white imps
  7 ufetubi
  4 worms
  33 orcs
  5 endoplasms
  4 giant cockroaches
  4 goblins
  4 hobgoblins
  26 kobolds
  4 quokkas
  5 ball pythons
  5 bats
  3 frilled lizards
  13 rats
343 creatures vanquished.

Notes
Turn   | Place    | Note
-------+----------+-------------------------------------------
     0 | D:1      | mathmaestro the Troll Monk began the quest for the Orb.
     0 | D:1      | Reached XP level 1. HP: 22/22 MP: 0/0
   307 | D:1      | Found a faded altar of an unknown god.
   322 | D:1      | Reached XP level 2. HP: 29/29 MP: 1/1
   791 | D:2      | Reached XP level 3. HP: 27/36 MP: 2/2
  1548 | D:3      | Found a runed translucent door.
  1846 | D:3      | Noticed DrKleor's ghost (amateur DsFi)
  1860 | D:3      | Reached XP level 4. HP: 36/45 MP: 3/3
  1989 | D:4      | Noticed a lemure
  1990 | D:4      | Noticed a lemure
  2119 | D:4      | Noticed a necrophage
  2120 | D:4      | Found Eheuk's Antique Armour Emporium.
  2130 | D:4      | Killed a necrophage
  2131 | D:4      | Reached skill level 4 in Unarmed Combat
  2131 | D:4      | Reached XP level 5. HP: 48/53 MP: 4/4
  2134 | D:4      | Bought a shimmering robe for 125 gold pieces
  2134 | D:4      | Identified the +0 robe of the Storm King {rPois rCorr} (You
                  | bought it in a shop on level 4 of the Dungeon)
  2149 | D:4      | Noticed a phantom
  2158 | D:4      | Killed a phantom
  2181 | D:4      | Noticed Pikel
  2181 | D:4      | Noticed a lemure
  2181 | D:4      | Noticed a lemure
  2207 | D:3      | Killed a lemure
  2220 | D:3      | Killed Pikel
  2221 | D:3      | Reached skill level 5 in Fighting
  2221 | D:3      | Reached skill level 6 in Unarmed Combat
  2221 | D:3      | Reached XP level 6. HP: 29/66 MP: 5/5
  2221 | D:3      | Reached XP level 7. HP: 31/72 MP: 6/6
  2397 | D:4      | Noticed Eustachio
  2542 | D:4      | Killed Eustachio
  2841 | D:4      | Reached skill level 7 in Unarmed Combat
  2848 | D:4      | Reached XP level 8. HP: 37/83 MP: 7/7
  2944 | D:5      | Entered Level 5 of the Dungeon
  2968 | D:5      | Found a radiant altar of Vehumet.
  3053 | D:5      | Reached skill level 1 in Throwing
  3077 | D:5      | Noticed Sigmund
  3081 | D:5      | Reached skill level 1 in Evocations
  3111 | D:5      | Killed Sigmund
  3155 | D:5      | Noticed Blork the orc
  3163 | D:5      | Killed Blork the orc
  3249 | D:5      | Reached skill level 8 in Unarmed Combat
  3511 | D:6      | Reached XP level 9. HP: 13/92 MP: 8/8
  3596 | D:6      | Found a glowing drain.
  3611 | Sewer    | Entered a sewer
  4029 | D:6      | Identified the amulet "Ajik" {Acrobat rC+}
  4147 | D:6      | Found a staircase to the Ecumenical Temple.
  4157 | Temple   | Entered the Ecumenical Temple
  4651 | D:1      | Killed DrKleor's ghost
  5074 | D:7      | Identified the +6 flail "Setioqah" {protect, rPois Int+6
                  | SInv}
  5304 | D:8      | Reached skill level 9 in Unarmed Combat
  5421 | D:8      | Found a shadowy altar of Dithmenos.
  5434 | D:8      | Paralysed by a hornet for 2 turns
  5438 | D:8      | Reached XP level 10. HP: 67/104 MP: 9/9
  5605 | D:8      | Found a basalt altar of Yredelemnul.
  5662 | D:7      | Reached skill level 5 in Throwing
  5845 | D:8      | Found Isari's Changing Room.
  5932 | D:8      | Noticed a two-headed ogre
  5947 | D:8      | Killed a two-headed ogre
  6014 | D:8      | Found an opulent altar of Gozag.
  6015 | D:8      | Found a glowing golden altar of the Shining One.
  6015 | D:8      | Found a glowing silver altar of Zin.
  6243 | D:9      | Noticed a green ugly thing
  6263 | D:8      | Killed a green ugly thing
  6327 | D:9      | Reached skill level 10 in Unarmed Combat
  6430 | D:9      | Reached skill level 5 in Evocations
  6870 | D:9      | Reached XP level 11. HP: 100/113 MP: 10/10
  7085 | D:9      | Found a staircase to the Orcish Mines.
  7303 | D:10     | Entered Level 10 of the Dungeon
  7643 | D:10     | Found a staircase to the Lair.
  7755 | D:10     | Found a sacrificial altar of Ru.
  7782 | D:10     | Noticed Gastronok
  7795 | D:10     | Killed Gastronok
  8038 | D:10     | Found a hazy altar of Hepliaklqana.
  8612 | D:11     | Noticed a two-headed ogre
  8618 | D:11     | Killed a two-headed ogre
  8619 | D:11     | Reached skill level 11 in Unarmed Combat
  8708 | D:11     | Noticed Erolcha
  8731 | D:11     | Killed Erolcha
  9298 | D:12     | Found a frozen archway.
  9353 | IceCv    | Entered an ice cave
  9657 | IceCv    | Reached XP level 12. HP: 64/124 MP: 11/11
 10016 | IceCv    | HP: 5/124 [freezing wraith (12)]
 10016 | IceCv    | HP: 1/124 [freezing wraith (4)]
 10291 | IceCv    | Noticed a reaper
 10307 | IceCv    | Killed a reaper
 10313 | IceCv    | Reached skill level 1 in Armour
 10313 | IceCv    | Reached skill level 1 in Shields
 10408 | IceCv    | Identified the +5 mace of Vibeefe {drain, *Corrode Str+7
                  | Dex+3}
 10662 | D:12     | Noticed a five-headed hydra
 10678 | D:12     | Noticed a two-headed ogre
 10681 | D:12     | HP: 4/126 [five-headed hydra (11)]
 11457 | D:12     | Killed a two-headed ogre
 11768 | D:13     | Found Icie's Book Shop.
 11947 | D:13     | Noticed a centaur warrior
 11955 | D:13     | Reached skill level 10 in Fighting
 11961 | D:13     | Killed a centaur warrior
 12103 | D:13     | Found a snail-covered altar of Cheibriados.
 12694 | D:13     | Noticed a vault guard
 12696 | D:13     | Noticed an ettin
 12709 | D:13     | Slain by a vault guard

Illustrated notes

Levels and vault maps discovered:
D:1:      minmay_arrival_floating_metal, layout_rooms,
          shapermc_ecumenical_altar_mp_highgroup
D:2:      minmay_general_purpose_star, layout_loops_cross,
          amcnicky_mini_pool_small, wander_ebering_terrifying_dragon_lair
D:3:      minmay_wonky_spiral, layout_rooms, ebering_ghost_sewer_d
D:4:      layout_basic, serial_shops, shop, hangedman_feature_mirror,
          uniq_pikel, uniq_eustachio
D:5:      layout_gridville, vehumet_crystals, feat_on_display,
          uniq_blork_the_orc, uniq_sigmund
D:6:      layout_rooms, minmay_temple_entry_proselytizer,
          cheibrodos_sewer_entry_drain
D:7:      layout_rooms
D:8:      layout_cave_pools, mainiacjoe_overflow_brackets,
          chequers_temple_overflow_statue_of_worship,
          nicolae_transmutations_shop, minmay_small_thing
D:9:      layout_loops_ring, david_orc_4
D:10:     layout_loops_ring, overflow_temple_1_default, kennysheep_little_box,
          lair_entry_dummy, dreamdust_princess_bridge, serial_park_tiny_2,
          nicolae_twisting_strands, dk_vineyard_2, minmay_misc_feat_five,
          uniq_gastronok
D:11:     layout_roguey, serial_aquarium, aquarium_bridge_square
          [aquarium_subvault_balcony, aquarium_subvault_bridge,
          aquarium_subvault_wall, aquarium_subvault_window], aquarium_window_2,
          aquarium_window_2, aquarium_view_2a, aquarium_view_2a,
          aquarium_balcony_double_4, hex_intersection, uniq_erolcha
D:12:     layout_stronghold, portal_ice_cave_entry_imps
D:13:     layout_roguey, david_vaults_4, serial_shops, shop_fountains,
          cheibrodos_worm_habitat
Temple:   dpeg_chambers_temple

Skill      XL: |  1  2  3  4  5  6  7  8  9 10 11 12 |
---------------+-------------------------------------+-----
Dodging        | 3 |  3.0
Fighting       | 3 5 6 7 8 9 10 | 10.1
Unarmed Combat | 4 6 7 8 9 10 11 | 11.9
Throwing       | 2 4 6 7 8 |  8.6
Evocations     | 2 3 5 6 7 |  7.2
Armour         | 2 |  2.5
Shields        | 2 |  2.5
Stealth        | |  1.0

Action                   |  1- 3 |  4- 6 |  7- 9 | 10-12 || total
-------------------------+-------+-------+-------+-------++-------
Melee: Unarmed           |    96 |    45 |   232 |   566 ||   939
       Punch             |     1 |     1 |     6 |    27 ||    35
       Flail             |       |       |       |    17 ||    17
Throw: Dart              |       |       |     7 |       ||     7
       Boomerang         |       |       |       |     2 ||     2
Evoke: Wand              |       |       |       |     4 ||     4
  Use: Scroll            |       |     4 |    16 |    11 ||    31
       Potion            |       |     2 |     1 |     5 ||     8
 Stab: Sleeping          |     5 |       |     1 |     7 ||    13
       Distracted        |       |       |       |     1 ||     1
Armor: Robe              |    33 |    13 |    73 |   131 ||   250
Dodge: Dodged            |    38 |    22 |   116 |   297 ||   473
Block: Other             |       |    10 |    28 |       ||    38
       Reflection        |       |       |     2 |       ||     2
       Kite shield       |       |       |       |    53 ||    53

Table legend: (Time is in decaauts)
 A = Elapsed time spent in this place.
 B = Non-inter-level travel time spent in this place.
 C = Inter-level travel time spent in this place.
 D = Time resting spent in this place.
 E = Time spent auto-exploring this place.
 F = Levels seen in this place.
 G = Mean time per level.
                   A        B        C        D        E       F      G
               +--------+--------+--------+--------+--------+-----+--------+
         Total |  12760 |  12205 |    555 |   1667 |   7730 |  16 |  797.5 |
       Dungeon |  10951 |  10418 |    533 |   1324 |   6783 |  13 |  842.4 |
        Temple |    226 |    204 |     22 |      0 |    191 |   1 |  226.0 |
         Sewer |    363 |    363 |      0 |      0 |    231 |   1 |  363.0 |
      Ice Cave |   1219 |   1219 |      0 |    342 |    525 |   1 | 1219.0 |
               +--------+--------+--------+--------+--------+-----+--------+

Top non-repeatable levels by time:
    D:12: 1291 daAuts
   IceCv: 1219 daAuts
    D:11: 968 daAuts
    D:13: 948 daAuts
    D:10: 946 daAuts
     D:8: 943 daAuts
     D:9: 895 daAuts
     D:3: 886 daAuts
     D:2: 765 daAuts
     D:4: 721 daAuts
     D:7: 706 daAuts
     D:1: 687 daAuts
     D:5: 665 daAuts
     D:6: 525 daAuts
   Sewer: 363 daAuts
